PBL
AMARILLO THUNDERHEADS @ JOPLIN BLASTERS
08/07/2047
 
TOP OF THE 1ST
Amarillo ThunderHeads batting - Pitching for Joplin Blasters : LHP Ben Mills
Pitching: LHP Ben Mills
Batting: RHB Sam Voss 0-0: SINGLE (Line Drive, 8RS, EV 106.9 MPH)
Batting: SHB Tyler Romo 0-0: Foul Ball, location: 2F
0-1: Ball
1-1: Ball
2-1: SINGLE (Line Drive, 6D, EV 94.4 MPH)
Sam Voss to second
Runner from 2nd tries for 3rd, OUT! 8-5
Batting: RHB Eric Juarez 0-0: Ball
1-0: Ball
2-0: Ball
3-0: Called Strike
3-1: Called Strike
3-2: Strikes out swinging
Batting: RHB Eric Camillo 0-0: Foul Ball, location: 2F
0-1: Ball
1-1: Ball
2-1: Swinging Strike
2-2: Ball
3-2: Fly out, F7 (Line Drive, 7, EV 102.5 MPH)
Top of the 1st over - 0 runs, 2 hits, 0 errors, 1 left on base; Amarillo 0 - Joplin 0
BOTTOM OF THE 1ST
Joplin Blasters batting - Pitching for Amarillo ThunderHeads : RHP Marty Nelson
Pitching: RHP Marty Nelson
Batting: SHB Adrian Orosco 0-0: Called Strike
0-1: Called Strike
0-2: Ball
1-2: SINGLE (Line Drive, 89S, EV 87.5 MPH)
Batting: RHB Nick Moore 0-0: Ball
Wild Pitch!
Adrian Orosco to second
1-0: Fly out, F2 (Popup, 2LF, EV 95.0 MPH)
Batting: RHB Hugo Chavez 0-0: Ball
1-0: Ball
2-0: Ball
3-0: Foul Ball, location: 2F
3-1: Called Strike
3-2: Strikes out swinging
Batting: RHB Jose Barboza 0-0: Ball
1-0: Ball
2-0: Ball
3-0: Swinging Strike
3-1: Fly out, F9 (Flyball, 89M, EV 89.4 MPH)
Bottom of the 1st over - 0 runs, 1 hit, 0 errors, 1 left on base; Amarillo 0 - Joplin 0
TOP OF THE 2ND
Amarillo ThunderHeads batting - Pitching for Joplin Blasters : LHP Ben Mills
Batting: RHB Josh Shoemaker 0-0: Foul Ball, location: 2F
0-1: Fly out, F9 (Line Drive, 9S, EV 93.8 MPH)
Batting: RHB Shi-fu Cuan 0-0: Foul Ball, location: 2F
0-1: Ball
1-1: Swinging Strike
1-2: Strikes out swinging, 2-3 out at first.
Batting: LHB Tony Cisneros 0-0: Ball
1-0: Foul Ball, location: 2F
1-1: Foul Ball, location: 2F
1-2: Strikes out swinging
Top of the 2nd over - 0 runs, 0 hits, 0 errors, 0 left on base; Amarillo 0 - Joplin 0
BOTTOM OF THE 2ND
Joplin Blasters batting - Pitching for Amarillo ThunderHeads : RHP Marty Nelson
Batting: LHB Jayden Pelayo 0-0: SOLO HOME RUN (Flyball, 7D, EV 92.5 MPH), Distance : 367 ft
Batting: RHB Juan Nieves 0-0: Ball
1-0: Swinging Strike
1-1: Swinging Strike
1-2: SINGLE (Groundball, P, EV 84.4 MPH) (infield hit)
Batting: RHB Dermott Ayliffe 0-0: 2-RUN HOME RUN (Flyball, 9D, EV 94.4 MPH), Distance : 382 ft
Batting: SHB Glenn Harrison 0-0: Called Strike
0-1: Foul Ball, location: 2F
0-2: Ball
1-2: Strikes out swinging
Batting: RHB Bobby Leon 0-0: Foul Ball, location: 2F
0-1: Ball
1-1: Foul Ball, location: 2F
1-2: Strikes out swinging
Batting: SHB Adrian Orosco 0-0: Called Strike
0-1: Ground out U3 (Groundball, 34S, EV 91.9 MPH)
Bottom of the 2nd over - 3 runs, 3 hits, 0 errors, 0 left on base; Amarillo 0 - Joplin 3
TOP OF THE 3RD
Amarillo ThunderHeads batting - Pitching for Joplin Blasters : LHP Ben Mills
Batting: RHB Ray Travis 0-0: Ball
1-0: DOUBLE (Line Drive, 8LXD, EV 100.0 MPH)
Batting: RHB Zhong See-to 0-0: Called Strike
0-1: SINGLE (Line Drive, 34D, EV 98.1 MPH)
Ray Travis to third
Runner from 3rd tries for Home, SAFE, throw by RF to home
Batting: RHB Sam Voss 0-0: Swinging Strike
0-1: SINGLE (Line Drive, 78S, EV 99.4 MPH)
Zhong See-to to second
Batting: SHB Tyler Romo 0-0: Ball
1-0: Called Strike
1-1: Ball
2-1: Foul Ball, location: 2F
2-2: Ball
3-2: Foul Ball, location: 2F
3-2: Base on Balls
Zhong See-to to third
Sam Voss to second
Batting: RHB Eric Juarez 0-0: Foul Ball, location: 2F
0-1: Called Strike
0-2: Foul Ball, location: 2F
0-2: SINGLE (Flyball, 7LS, EV 98.1 MPH)
Zhong See-to scores
Sam Voss to third
Tyler Romo to second
Runner from 3rd tries for Home, throw by LF and OUT! 7-2
Batting: RHB Eric Camillo 0-0: Grounds into double play, 6-4-3 (Groundball, 6, EV 86.2 MPH)
Top of the 3rd over - 2 runs, 4 hits, 0 errors, 1 left on base; Amarillo 2 - Joplin 3
BOTTOM OF THE 3RD
Joplin Blasters batting - Pitching for Amarillo ThunderHeads : RHP Marty Nelson
Batting: RHB Nick Moore 0-0: Ball
1-0: SINGLE (Groundball, 4MD, EV 101.2 MPH)
Batting: RHB Hugo Chavez 0-0: Swinging Strike
0-1: Swinging Strike
0-2: Ball
1-2: Foul Ball, location: 2F
1-2: Strikes out swinging
Batting: RHB Jose Barboza 0-0: Called Strike
0-1: Fly out, F8 (Line Drive, 8LM, EV 100.6 MPH)
Batting: LHB Jayden Pelayo 0-0: Ball
1-0: Called Strike
1-1: Foul Ball, location: 2F
1-2: Strikes out looking
Bottom of the 3rd over - 0 runs, 1 hit, 0 errors, 1 left on base; Amarillo 2 - Joplin 3
TOP OF THE 4TH
Amarillo ThunderHeads batting - Pitching for Joplin Blasters : LHP Ben Mills
Batting: RHB Josh Shoemaker 0-0: Ball
1-0: Ball
2-0: Called Strike
2-1: Foul Ball, location: 2F
2-2: SINGLE (Groundball, 6D, EV 103.8 MPH)
Batting: RHB Shi-fu Cuan 0-0: Ball
1-0: Foul Ball, location: 2F
1-1: Swinging Strike
1-2: Foul Ball, location: 2F
1-2: Ball
2-2: Strikes out swinging
Batting: LHB Tony Cisneros 0-0: Called Strike
0-1: Foul Ball, location: 2F
0-2: Foul Ball, location: 2F
0-2: DOUBLE (Flyball, 7LD, EV 98.1 MPH)
Josh Shoemaker to third
Pitching: LHP Tristan Irwin
Batting: RHB Ray Travis 0-0: Called Strike
0-1: Ball
1-1: Swinging Strike
1-2: Strikes out swinging
Batting: RHB Mario Gomez 0-0: Called Strike
0-1: Foul Ball, location: 2F
0-2: Ball
Wild Pitch!
Josh Shoemaker scores
Tony Cisneros to third
1-2: 2-RUN HOME RUN (Line Drive, 7LD, EV 93.8 MPH), Distance : 352 ft
Batting: RHB Sam Voss 0-0: Ball
1-0: Ball
2-0: Ball
3-0: Called Strike
3-1: Base on Balls
Batting: SHB Tyler Romo 0-0: Foul Ball, location: 2F
0-1: Ground out 5-3 (Groundball, 56S, EV 86.9 MPH)
Top of the 4th over - 3 runs, 3 hits, 0 errors, 1 left on base; Amarillo 5 - Joplin 3
BOTTOM OF THE 4TH
Joplin Blasters batting - Pitching for Amarillo ThunderHeads : RHP Marty Nelson
Batting: RHB Juan Nieves 0-0: Swinging Strike
0-1: Ball
1-1: Foul Ball, location: 2F
1-2: Foul Ball, location: 2F
1-2: Foul Ball, location: 2F
1-2: Strikes out swinging
Batting: RHB Dermott Ayliffe 0-0: Ground out U3 (Groundball, 34, EV 84.4 MPH)
Batting: SHB Glenn Harrison 0-0: SINGLE (Groundball, 4D, EV 105.6 MPH)
Batting: RHB Bobby Leon 0-0: Ball
1-0: Ball
2-0: Ball
3-0: Foul Ball, location: 2F
3-1: Base on Balls
Glenn Harrison to second
Batting: SHB Adrian Orosco 0-0: Called Strike
0-1: Ball
1-1: Ground out U3 (Groundball, 34, EV 98.1 MPH)
Bottom of the 4th over - 0 runs, 1 hit, 0 errors, 2 left on base; Amarillo 5 - Joplin 3
TOP OF THE 5TH
Amarillo ThunderHeads batting - Pitching for Joplin Blasters : LHP Tristan Irwin
Batting: RHB Eric Juarez 0-0: Fly out, F3 (Popup, 3F, EV 65.0 MPH)
Batting: RHB Eric Camillo 0-0: Ball
1-0: Ball
2-0: Called Strike
2-1: Swinging Strike
2-2: Foul Ball, location: 2F
2-2: Strikes out swinging
Batting: RHB Josh Shoemaker 0-0: Fly out, F6 (Line Drive, 6MD, EV 71.9 MPH)
Top of the 5th over - 0 runs, 0 hits, 0 errors, 0 left on base; Amarillo 5 - Joplin 3
BOTTOM OF THE 5TH
Joplin Blasters batting - Pitching for Amarillo ThunderHeads : RHP Marty Nelson
Batting: RHB Nick Moore 0-0: Ball
1-0: Ball
2-0: Called Strike
2-1: Swinging Strike
2-2: Foul Ball, location: 2F
2-2: SINGLE (Groundball, 6MD, EV 95.6 MPH)
Batting: RHB Hugo Chavez 0-0: Ball
1-0: Foul Ball, location: 2F
1-1: Swinging Strike
1-2: Strikes out looking
Batting: RHB Jose Barboza 0-0: Called Strike
0-1: Ball
1-1: Ball
2-1: SINGLE (Line Drive, 78S, EV 94.4 MPH)
Nick Moore to second
Batting: LHB Jayden Pelayo 0-0: Called Strike
0-1: Foul Ball, location: 2F
0-2: Strikes out swinging
Batting: RHB Juan Nieves 0-0: Called Strike
0-1: Ground out 4-3 (Groundball, 4D, EV 95.0 MPH)
Bottom of the 5th over - 0 runs, 2 hits, 0 errors, 2 left on base; Amarillo 5 - Joplin 3
TOP OF THE 6TH
Amarillo ThunderHeads batting - Pitching for Joplin Blasters : LHP Tristan Irwin
Pinch Hitting: RHB Bill Flannery 0-0: Called Strike
0-1: Foul Ball, location: 2F
0-2: Ball
1-2: Ball
2-2: Ball
3-2: Foul Ball, location: 2F
3-2: Base on Balls
Batting: LHB Tony Cisneros 0-0: Called Strike
0-1: Foul Ball, location: 2F
0-2: Ball
1-2: Foul Ball, location: 2F
1-2: Ball
2-2: Strikes out swinging
Batting: RHB Ray Travis 0-0: Called Strike
0-1: Ball
1-1: Swinging Strike
1-2: Strikes out swinging
Pitching: LHP Bin Ya
Batting: RHB Mario Gomez 0-0: Called Strike
0-1: Ball
1-1: Ball
2-1: Called Strike
2-2: Strikes out swinging
Top of the 6th over - 0 runs, 0 hits, 0 errors, 1 left on base; Amarillo 5 - Joplin 3
BOTTOM OF THE 6TH
Joplin Blasters batting - Pitching for Amarillo ThunderHeads : RHP Marty Nelson
Now at SS: Bill Flannery
Batting: RHB Dermott Ayliffe 0-0: Foul Ball, location: 2F
0-1: Ball
1-1: Ball
2-1: Ground out 1-3 (Groundball, 15S, EV 68.8 MPH)
Batting: SHB Glenn Harrison 0-0: Ball
1-0: Swinging Strike
1-1: Swinging Strike
1-2: Foul Ball, location: 2F
1-2: Ball
2-2: Strikes out swinging
Batting: RHB Bobby Leon 0-0: Foul Ball, location: 2F
0-1: Foul Ball, location: 2F
0-2: Foul Ball, location: 2F
0-2: Ball
1-2: Ball
2-2: Foul Ball, location: 2F
2-2: Foul Ball, location: 2F
2-2: Strikes out looking
Bottom of the 6th over - 0 runs, 0 hits, 0 errors, 0 left on base; Amarillo 5 - Joplin 3
TOP OF THE 7TH
Amarillo ThunderHeads batting - Pitching for Joplin Blasters : LHP Bin Ya
Batting: RHB Sam Voss 0-0: Ball
1-0: Ball
2-0: SINGLE (Groundball, 56S, EV 69.4 MPH) (infield hit)
Batting: SHB Tyler Romo 0-0: Foul Ball, location: 2F
0-1: Foul Ball, location: 2F
0-2: Ball
1-2: Strikes out looking
Batting: RHB Eric Juarez 0-0: Called Strike
Sam Voss steals 2nd base
0-1: Ball
1-1: Called Strike
Sam Voss steals 3rd base
1-2: Ball
2-2: Reached on error, E7 (Line Drive, 7LM, EV 106.2 MPH)
Sam Voss scores
Batting: RHB Eric Camillo 0-0: Intentional Walk
Batting: RHB Josh Shoemaker 0-0: Ball
1-0: Fly out, F7 (Flyball, 7LDF, EV 79.4 MPH)
Runner from 2nd tags up, SAFE at 3rd, no throw by LF
Batting: RHB Bill Flannery 0-0: Ball
1-0: Foul Ball, location: 2F
1-1: Swinging Strike
1-2: Ball
2-2: Ball
3-2: SINGLE (Line Drive, 9LM, EV 109.4 MPH)
Eric Juarez scores
Eric Camillo to second
Eric Camillo to third
Batting: LHB Tony Cisneros 0-0: Called Strike
0-1: Ball
1-1: Ball
2-1: Called Strike
2-2: Strikes out swinging
Top of the 7th over - 2 runs, 2 hits, 1 error, 2 left on base; Amarillo 7 - Joplin 3
BOTTOM OF THE 7TH
Joplin Blasters batting - Pitching for Amarillo ThunderHeads : RHP Marty Nelson
Batting: SHB Adrian Orosco 0-0: Ground out 4-3 (Groundball, 4, EV 85.6 MPH)
Batting: RHB Nick Moore 0-0: Called Strike
0-1: Swinging Strike
0-2: Ball
1-2: Ball
2-2: Ball
3-2: SINGLE (Line Drive, 7S, EV 109.4 MPH)
Pitching: RHP Mike Hickey
Batting: RHB Hugo Chavez 0-0: SINGLE (Line Drive, 6D, EV 95.0 MPH)
Nick Moore to second
Batting: RHB Jose Barboza 0-0: SINGLE (Groundball, 6MD, EV 99.4 MPH)
Nick Moore to third
Hugo Chavez to second
Pitching: LHP Matt Hawk
Batting: LHB Jayden Pelayo 0-0: Ball
1-0: Swinging Strike
1-1: Ball
2-1: Foul Ball, location: 2F
2-2: Strikes out swinging
Batting: RHB Juan Nieves 0-0: Ball
1-0: Ball
2-0: Fly out, F9 (Flyball, 9, EV 85.6 MPH)
Bottom of the 7th over - 0 runs, 3 hits, 0 errors, 3 left on base; Amarillo 7 - Joplin 3
TOP OF THE 8TH
Amarillo ThunderHeads batting - Pitching for Joplin Blasters : LHP Bin Ya
Pitching: LHP Adrian Sanchez
Batting: RHB Ray Travis 0-0: Fly out, F8 (Line Drive, 8RD, EV 90.0 MPH)
Batting: RHB Mario Gomez 0-0: Foul Ball, location: 2F
0-1: Foul Ball, location: 2F
0-2: Foul Ball, location: 2F
0-2: Foul Ball, location: 2F
0-2: Ball
1-2: Ball
2-2: Ball
3-2: SOLO HOME RUN (Flyball, 7D, EV 93.1 MPH), Distance : 364 ft
Batting: RHB Sam Voss 0-0: Called Strike
0-1: Ball
1-1: Called Strike
1-2: Foul Ball, location: 2F
1-2: Fly out, F7 (Line Drive, 78D, EV 98.8 MPH)
Batting: SHB Tyler Romo 0-0: Swinging Strike
0-1: Ball
1-1: Called Strike
1-2: Ball
2-2: Strikes out swinging
Top of the 8th over - 1 run, 1 hit, 0 errors, 0 left on base; Amarillo 8 - Joplin 3
BOTTOM OF THE 8TH
Joplin Blasters batting - Pitching for Amarillo ThunderHeads : LHP Matt Hawk
Batting: RHB Dermott Ayliffe 0-0: Ball
1-0: Swinging Strike
1-1: Swinging Strike
1-2: Ball
2-2: Fly out, F9 (Flyball, 9, EV 78.8 MPH)
Batting: SHB Glenn Harrison 0-0: Fly out, F9 (Flyball, 9S, EV 82.5 MPH)
Batting: RHB Bobby Leon 0-0: Ball
1-0: Ball
2-0: Ball
3-0: Called Strike
3-1: Foul Ball, location: 2F
3-2: Strikes out swinging, 2-3 out at first.
Bottom of the 8th over - 0 runs, 0 hits, 0 errors, 0 left on base; Amarillo 8 - Joplin 3
TOP OF THE 9TH
Amarillo ThunderHeads batting - Pitching for Joplin Blasters : LHP Adrian Sanchez
Batting: RHB Eric Juarez 0-0: Foul Ball, location: 2F
0-1: Called Strike
0-2: Ball
1-2: Ball
2-2: SINGLE (Line Drive, 34D, EV 103.1 MPH)
Batting: RHB Eric Camillo 0-0: Called Strike
0-1: Called Strike
0-2: Strikes out swinging
Batting: RHB Josh Shoemaker 0-0: Foul Ball, location: 2F
0-1: Ball
1-1: Ball
2-1: Grounds into double play, 6-4-3 (Groundball, 56D, EV 86.9 MPH)
Top of the 9th over - 0 runs, 1 hit, 0 errors, 0 left on base; Amarillo 8 - Joplin 3
BOTTOM OF THE 9TH
Joplin Blasters batting - Pitching for Amarillo ThunderHeads : LHP Matt Hawk
Batting: SHB Adrian Orosco 0-0: Ball
1-0: Called Strike
1-1: Ball
2-1: Ball
3-1: Base on Balls
Batting: RHB Nick Moore 0-0: Ball
1-0: Called Strike
1-1: Called Strike
1-2: Strikes out swinging
Batting: RHB Hugo Chavez 0-0: Swinging Strike
0-1: Called Strike
0-2: Foul Ball, location: 2F
0-2: Strikes out swinging
Batting: RHB Jose Barboza 0-0: Foul Ball, location: 2F
0-1: Ball
1-1: Called Strike
1-2: Strikes out swinging
Bottom of the 9th over - 0 runs, 0 hits, 0 errors, 1 left on base; Amarillo 8 - Joplin 3
Thursday, December 15th , 2022 - OOTP Baseball 23.9 Build 102